 Dungeon Crawl Stone Soup version 0.27-a0-242-ge0fc76b88b (webtiles) character file.

Game seed: 2773258219308463386

624509 dolemite99 the Warrior (level 27, -14/201 HPs)
             Began as a Demonspawn Gladiator on Feb 2, 2021.
             Was an Elder of Hepliaklqana.
             Demolished by a reaper
             ... wielding a +3 vorpal scythe
              (15 damage)
             ... in the Vestibule of Hell on Feb 3, 2021.
             The game lasted 03:04:37 (104119 turns).

dolemite99 the Warrior (Demonspawn Gladiator)     Turns: 104119, Time: 03:04:37

Health: -14/201    AC: 19    Str: 22    XL:     27
Magic:  0/36       EV: 11    Int: 15    God:    Hepliaklqana [****..]
Gold:   4746       SH:  0    Dex: 15    Spells: 23/40 levels left

rFire    + + +     SeeInvis +   a - +3 battleaxe (spect)
rCold    + + .     Faith    .   (shield currently unavailable)
rNeg     + . .     Spirit   +   y - +1 gold dragon scales
rPois    +         Reflect  .   (helmet unavailable)
rElec    +         Harm     .   s - scarf {rC+ rF+}
rCorr    .         Rampage  .   (gloves unavailable)
Will     ++...                  (boots unavailable)
Stlth    ..........             u - amulet of Brilliance {Acrobat rF+}
HPRegen  0.43/turn              P - +4 ring of protection
MPRegen  0.50/turn              i - ring of Hipuar Qesm {+Blink rElec rN+ SInv}

@: corroded, studying 2 skills
A: reduced essence, claws 3, hooves 3, horns 3, ignite blood 3, augmentation 3,
magic shield, magic regeneration, magic link
}: 3/15 runes: serpentine, barnacled, silver
a: Renounce Religion, Evoke Blink, Recall Ancestor, Ancestor Identity,
Transference, Idealise


You were in the Vestibule of Hell.
You worshipped Hepliaklqana.
Hepliaklqana was greatly pleased with you.
You visited 11 branches of the dungeon, and saw 49 of its levels.
You visited the Abyss 1 time.
You visited 1 ziggurat, and saw 6 of its levels.
You also visited: Bailey and Wizlab.

You collected 12225 gold pieces.
You spent 7479 gold pieces at shops.

Inventory:

Hand Weapons
 a - a +3 spectral battleaxe (weapon)
 b - a +8 longbow of freezing
 j - a +1 executioner's axe of freezing
 w - a +4 antimagic battleaxe
Missiles
 l - 1487 arrows
Armour
 s - a scarf of resistance (worn)
 v - a +9 plate armour of willpower
 y - +1 gold dragon scales (worn)
Jewellery
 i - the ring of Hipuar Qesm (right claw) {+Blink rElec rN+ SInv}
   (You bought it in a shop on level 2 of the Snake Pit)

   [ring of positive energy]

   It insulates you from electricity.
   It protects you from negative energy.
   It lets you see invisible.
   It lets you blink.
 n - an uncursed ring of willpower
 u - the amulet of Brilliance (around neck) {Acrobat rF+}
   (You bought it in a shop on level 2 of the Orcish Mines)

   [amulet of the acrobat]

   It helps you evade while moving and waiting.
   It protects you from fire.
 H - an uncursed ring of see invisible
 L - an uncursed ring of poison resistance
 N - an uncursed ring of protection from fire
 P - a +4 ring of protection (left claw)
 U - the ring "Huenk" {rC+ Int+6 Dex+6}
   (You acquired it on level 2 of the Shoals)

   [ring of intelligence]

   It affects your intelligence (+6).
   It affects your dexterity (+6).
   It protects you from cold.
 V - the ring of the Hare {EV+8}
   (You found it on level 1 of the Crypt)

   [ring of evasion]

   It affects your evasion (+8).
Wands
 o - a wand of polymorph (29)
 z - a wand of paralysis (116)
 G - a wand of iceblast (55)
 R - a wand of mindburst (72)
 S - a wand of digging (36)
 T - a wand of charming (10)
Scrolls
 e - 25 scrolls of teleportation
 f - 9 scrolls of identify {@r1}
 k - 5 scrolls of fear
 p - 3 scrolls of silence
 t - 32 scrolls of remove curse {@r2}
 B - 5 scrolls of blinking
 Q - 4 scrolls of vulnerability
 W - 18 scrolls of magic mapping
 Z - 11 scrolls of fog
Potions
 d - a potion of mutation
 g - a potion of might
 h - 2 potions of ambrosia
 r - 17 potions of brilliance
 x - 7 potions of berserk rage
 A - 9 potions of flight
 C - 13 potions of attraction
 F - 2 potions of resistance
 I - a potion of magic
 K - 4 potions of lignification
 O - 3 potions of haste
 X - 4 potions of curing
 Y - 3 potions of cancellation
Miscellaneous
 c - a lightning rod (2/4)
 m - a phantom mirror
 q - a box of beasts
 E - a tin of tremorstones (2/2)
 J - a phial of floods
 M - a condenser vane (inert)


   Skills:
 - Level 20.2 Fighting
 - Level 19.1 Axes
 - Level 0.4(12.9) Maces & Flails
 - Level 18.2 Bows
 - Level 1.7 Throwing
 - Level 19.9 Armour
 - Level 10.4 Dodging
 - Level 7.1 Spellcasting
 - Level 10.3 Necromancy
 - Level 11.2 Translocations
 + Level 5.0 Earth Magic
 - Level 18.0 Invocations
 - Level 10.6 Evocations


You had 23 spell levels left.
You knew the following spells:

 Your Spells              Type           Power        Failure   Level
a - Animate Skeleton      Necr           72%          3%          1
b - Apportation           Tloc           78%          2%          1
c - Inner Flame           Hex/Fire       5%           100%        3
d - Blink                 Tloc           N/A          4%          2
e - Poisonous Vapours     Pois/Air       10%          99%         2
f - Conjure Flame         Conj/Fire      5%           100%        3
g - Mephitic Cloud        Conj/Pois/Air  5%           100%        3
h - Passwall              Tmut/Erth      10%          83%         2

Your spell library contained the following spells:

 Spells                   Type           Power        Failure   Level
 Sublimation of Blood     Necr           18%          6%          2
 Gell's Gravitas          Tloc           19%          9%          3
 Vampiric Draining        Necr           18%          12%         3
 Sandblast                Erth           40%          34%         1
 Animate Dead             Necr           18%          36%         4
 Dispel Undead            Necr           36%          36%         4
 Corpse Rot               Necr/Air       N/A          45%         2
 Portal Projectile        Hex/Tloc       44%          63%         3
 Agony                    Necr           36%          71%         5
 Excruciating Wounds      Necr           18%          71%         5
 Corona                   Hex            5%           95%         1
 Foxfire                  Conj/Fire      20%          95%         1
 Magic Dart               Conj           20%          95%         1
 Summon Small Mammal      Summ           20%          95%         1
 Iskenderun's Mystic Bla  Conj/Tloc      22%          95%         4
 Stone Arrow              Conj/Erth      24%          96%         3
 Borgnjor's Vile Clutch   Necr/Erth      14%          97%         5
 Call Imp                 Summ           5%           99%         2
 Ensorcelled Hibernation  Hex/Ice        10%          99%         2
 Slow                     Hex            5%           99%         2
 Death Channel            Necr           18%          99%         6
 Call Canine Familiar     Summ           5%           100%        3
 Confusing Touch          Hex            5%           100%        3
 Ignite Poison            Fire/Tmut/Pois 5%           100%        3
 Spider Form              Tmut/Pois      2%           100%        3
 Summon Guardian Golem    Hex/Summ       5%           100%        3
 Animate Armour           Summ/Erth      24%          100%        4
 Cause Fear               Hex            2%           100%        4
 Leda's Liquefaction      Hex/Erth       6%           100%        4
 Petrify                  Tmut/Erth      12%          100%        4
 Sticky Flame             Conj/Fire      5%           100%        4
 Summon Ice Beast         Ice/Summ       5%           100%        4
 Summon Lightning Spire   Summ/Air       5%           100%        4
 Alistair's Intoxication  Tmut/Pois      3%           100%        5
 Bolt of Magma            Conj/Fire/Erth 5%           100%        5
 Fireball                 Conj/Fire      2%           100%        5
 Irradiate                Conj/Tmut      2%           100%        5
 Lee's Rapid Deconstruct  Erth           10%          100%        5
 Metabolic Englaciation   Hex/Ice        2%           100%        5
 Silence                  Hex/Air        2%           100%        5
 Summon Forest            Summ/Tloc      11%          100%        5
 Summon Mana Viper        Hex/Summ       5%           100%        5
 Yara's Violent Unravell  Hex/Tmut       2%           100%        5
 Conjure Ball Lightning   Conj/Air       2%           100%        6
 Eringya's Noxious Bog    Tmut/Pois      2%           100%        6
 Freezing Cloud           Conj/Ice/Air   2%           100%        6
 Hydra Form               Tmut           2%           100%        6
 Iron Shot                Conj/Erth      6%           100%        6
 Shadow Creatures         Summ           N/A          100%        6
 Simulacrum               Ice/Necr       10%          100%        6
 Statue Form              Tmut/Erth      8%           100%        6
 Ozocubu's Refrigeration  Ice            2%           100%        7
 Summon Hydra             Summ           2%           100%        7
 Shatter                  Erth           10%          100%        9
 Tornado                  Air            2%           100%        9


Dungeon Overview and Level Annotations

Branches:
Dungeon (15/15)            Temple (0/1) D:7            Lair (6/6) D:9
 Shoals (4/4) Lair:4        Snake (4/4) Lair:3        Slime (0/5) Lair:6
    Orc (2/2) D:10            Elf (3/3) Orc:2        Vaults (5/5) D:14
  Crypt (3/3) Vaults:3       Tomb (0/3) Crypt:3      Depths (5/5) D:15
   Hell (1/1)                 Geh (0/7) Hell            Zot (1/5) Depths:5
 Bailey (visited)          WizLab (visited)
    Dis: Hell:1         Coc: Hell:1         Tar: Hell:1

Altars:
Cheibriados
Gozag
Hepliaklqana
Makhleb
Nemelex Xobeh
Qazlal
Ru
Sif Muna
Uskayaw
Vehumet
Wu Jian
Xom
Zin
The Shining One
Beogh
Jiyva

Shops:
D:8 !   Orc:2 =*}!   Elf:1 [   Elf:3 *   Shoals:4 !   Snake:2 *   Vaults:1 :
Vaults:3 (   Vaults:4 *   Depths:1 }   Depths:4 }   Depths:5 ?

Portals:
Hell: Depths:1 Depths:2 Depths:3 Depths:4 Depths:5
Abyss: Depths:4
Pandemonium: Depths:3 Depths:5
Trove: D:10 (give 4 potions of resistance)

Annotations:
D:2 Sigmund
D:7 2 transporters, CosmicReverie's ghost, novice MiBe
Lair:1 exclusion: 2 oklob plants
Lair:2 3 runed translucent doors, Tuin's ghost, journeyman MiBe
Lair:3 2 transporters, exclusion: 3 ice statues, SomeFlowers's ghost, journeyman HuEE; puppykicker's ghost, adept HuIE
Lair:6 FIRE DRAGON VAULT, RETURN WITH RF, exclusions: basilisk and 1 more exclusion
Shoals:3 3 runed translucent doors, Yphe's ghost, adept MiBe
Snake:1 3 runed translucent doors, Nys Cevy's ghost, adept TrFi
Snake:4 2 transporters, hehateme's ghost, adept TeGl
Vaults:1 3 runed translucent doors, hyperkahler's ghost, veteran MiFi
Vaults:4 1 runed translucent door, Vairuzis's ghost, adept PaWr
Depths:2 Mara
Depths:3 2 runed translucent doors
Hell Geryon


Innate Abilities, Weirdness & Mutations

You have claws for hands.
You have hooves in place of feet.
You have a pair of large horns on your head.
Your demonic aura causes all spilled blood to erupt in flames.
Your magical and physical power is greatly enhanced at high health.
When hurt, damage is shared between your health and your magic reserves.
You regenerate magic rapidly.
When low on magic, you restore magic in place of health.
Your life essence is reduced to manifest your ancestor. (-10% HP)


Message History

The reaper is engulfed in blazing flames.
The reaper hits you with a +3 vorpal scythe!
* * * LOW HITPOINT WARNING * * *
x2 The reaper hits you from afar with a +2 scythe of protection!
* * * LOW HITPOINT WARNING * * *
You feel better.
Your spectral weapon is engulfed in blazing flames. x2
Yamquzzuhalamma is engulfed in blazing flames.
Yamquzzuhalamma hits the reaper with a +0 broad axe of speed!!
Yamquzzuhalamma hits the reaper with a +0 broad axe of speed.
Yamquzzuhalamma closely misses the reaper.
Your spectral weapon is engulfed in blazing flames.
The reaper hits you from afar with a +2 vorpal scythe!!
* * * LOW HITPOINT WARNING * * *
x2 Yamquzzuhalamma hits the reaper with a +0 broad axe of speed!
Yamquzzuhalamma hits the reaper but does no damage.
Yamquzzuhalamma completely misses the reaper.
The reaper is engulfed in blazing flames.
The reaper hits you with a +3 vorpal scythe!
You die... #... #......# .h.. ..'......# hh..

○°'....∩.#
....
.4......#
#...
#○.....# #
# #.☼⌠...#
.2 #.E22.#
.## #..R2#
## #°@(# #
##○○# ##.#
### ## .##
..## ...##


You could see the friendly Yamquzzuhalamma the knight (fast), 3 reapers, a fire
elemental, a red devil and a friendly +3 spectral battleaxe (summoned).

Vanquished Creatures
  A juggernaut (Depths:4)
  Mennas (Vaults:3)
  Xtahua (Vaults:2)
  Margery (Depths:5)
  Frederick (Vaults:2)
  A caustic shrike (Depths:4)
  4 golden dragons
  the Enchantress (Depths:3)
  Jory (Vaults:4)
  A Hell Sentinel (Zig:5)
  2 electric golems (Zot:1)
  10 tentacled monstrosities
  Jorgrun (Elf:1)
  4 liches
  2 quicksilver dragons
  2 titans (Vaults:5)
  2 ancient champions (Crypt:3)
  A deep elf master archer (Elf:3)
  A tentacled starspawn (Zig:5)
  2 deep elf blademasters (Elf:3)
  Gastronok (D:8)
  2 draconian monks
  3 death cobs (Zot:1)
  6 storm dragons
  6 sphinxes
  2 azure jellies (Depths:5)
  10 tengu reavers
  Donald (Vaults:3)
  9 shadow dragons
  A revenant (Crypt:1)
  7 nagarajas (Snake:4)
  A draconian knight (Zot:1)
  4 fire giants
  3 daevas
  An iron dragon (Depths:5)
  8 deep elf sorcerers
  7 frost giants
  17 vault wardens
  A draconian stormcaller (Zot:1)
  A frost giant (shapeshifter) (Depths:5)
  Aizul (Vaults:4)
  A draconian scorcher (Zot:1)
  A balrug (Zig:1)
  A draconian shifter (Zot:1)
  A reaper (Hell)
  11 ironheart preservers
  A deep elf elementalist (Elf:3)
  2 draconian annihilators (Zot:1)
  8 very ugly things
  2 blood saints
  7 ghouls
  5 spriggan defenders
  4 war gargoyles (Vaults:5)
  A juggernaut skeleton (Crypt:3)
  19 stone giants
  4 green draconians (Zot:1)
  A black draconian (Zot:1)
  14 vampire knights
  A red draconian (Depths:5)
  2 entropy weavers
  2 purple draconians (Zot:1)
  2 white draconians (Zot:1)
  4 spark wasps
  6 deep elf annihilators
  9 deep elf demonologists
  4 yellow draconians
  3 merfolk javelineers (Shoals:4)
  10 ettins
  4 eidola
  3 death oozes (Depths:5)
  14 deep elf death magi
  2 green deaths (WizLab)
  10 fire dragons
  Snorg (D:11)
  3 deep elf high priests
  A crystal guardian (Vaults:4)
  12 yaktaur captains
  19 jiangshi
  11 merfolk impalers
  6 rakshasas
  11 great orbs of eyes
  2 hell beasts
  8 hydras
  A quicksilver dragon skeleton (Depths:4)
  8 naga warriors
  9 ice dragons
  3 spriggan air magi
  A catoblepas (D:11)
  22 vault guards
  2 merfolk avatars (Shoals:4)
  5 boulder beetles
  12 anacondas
  36 two-headed ogres
  5 merfolk aquamancers
  9 ogre magi
  2 centaur warriors
  5 death knights
  3 alligator snapping turtles
  4 deep troll shamans
  2 satyrs
  24 dancing weapons
  A queen ant (shapeshifter) (Depths:3)
  6 tengu warriors
  11 death yaks
  7 deep troll earth magi
  4 shock serpents (Snake:4)
  9 vampire magi
  13 naga sharpshooters
  A titan zombie (Crypt:3)
  2 spriggan berserkers
  3 soul eaters
  24 deep elf knights
  3 sun demons
  5 hell knights
  4 storm dragon zombies (Crypt:3)
  2 iron trolls
  14 skeletal warriors
  4 shadow wraiths
  10 flayed ghosts
  2 salamander mystics
  7 sea snakes
  An unseen horror (Vaults:1)
  14 ironbrand convokers
  25 deep trolls
  7 naga ritualists
  An orange crystal statue (Zig:6)
  2 bog bodies
  A shadow dragon zombie (Crypt:3)
  18 deep elf zephyrmancers
  16 deep elf archers
  4 wizards
  A harpy (shapeshifter) (D:14)
  10 harpies
  5 necromancers
  A lindwurm (Lair:6)
  29 deep elf pyromancers
  A tengu zombie (Vaults:2)
  17 phantasmal warriors
  20 orc knights
  2 orc sorcerers
  2 wolf spider zombies
  Pikel (D:6)
  4 wolf spiders
  11 manticores
  An orb spider (shapeshifter) (Vaults:5)
  8 fauns
  4 salamanders
  2 iron dragon zombies (Crypt:3)
  2 frost giant zombies
  8 mana vipers
  7 cyclopes
  3 elephants (Lair:6)
  30 ugly things
  4 moths of wrath (Zot:1)
  13 vault sentinels
  9 guardian serpents
  6 water nymphs
  A titan simulacrum (Crypt:3)
  A frost giant skeleton (Vaults:2)
  A centaur zombie (D:12)
  3 gargoyles
  13 naga magi
  24 black mambas
  An orange demon (WizLab)
  2 smoke demons
  7 merfolk sirens
  13 cane toads
  An elephant slug zombie (Crypt:3)
  4 rime drakes
  An emperor scorpion zombie (Crypt:3)
  2 human zombies
  A yellow draconian zombie (Crypt:3)
  12 komodo dragons
  36 yaktaurs
  An efreet (D:11)
  5 freezing wraiths
  2 tengu conjurers
  A jumping spider (shapeshifter) (D:11)
  2 red devils
  A merfolk (shapeshifter) (Vaults:2)
  10 merfolk
  A queen bee (Lair:1)
  7 trolls
  5 guardian mummies (Crypt:3)
  6 wind drakes
  A hydra zombie (Crypt:3)
  A hornet (shapeshifter) (Depths:3)
  3 large abominations
  2 queen bees (shapeshifter)
  2 wind drakes (shapeshifter)
  A meliai (D:14)
  3 polar bears
  6 blink frogs
  Prince Ribbit (D:6)
  A harpy skeleton (D:14)
  A raiju (shapeshifter) (Vaults:4)
  16 slime creatures
  7 dream sheep
  7 hornets
  A stone giant simulacrum (Vaults:3)
  7 snapping turtles
  A fire dragon zombie (Crypt:2)
  A dream sheep (shapeshifter) (Vaults:5)
  A frost giant simulacrum (Depths:2)
  7 flying skulls
  4 redbacks (Vaults:4)
  2 spriggans (shapeshifter)
  A ynoxinul (WizLab)
  3 air elementals
  A shadow (D:12)
  2 centaur simulacra (D:14)
  3 wyverns
  14 water elementals
  A tarantella (shapeshifter) (Vaults:5)
  19 vampires
  4 spriggans
  41 yaks
  An ettin skeleton (Depths:2)
  Eustachio (D:4)
  10 wraiths
  6 fire elementals
  5 basilisks
  A neqoxec (Zig:5)
  A basilisk (shapeshifter) (Vaults:4)
  A steam dragon (Lair:6)
  4 vampire mosquitoes (D:13)
  7 wargs
  An infernal demonspawn zombie (Crypt:2)
  36 nagas
  An acid dragon (D:15)
  2 deep troll skeletons
  A faun skeleton (Crypt:2)
  9 water moccasins
  A sky beast (D:14)
  A merfolk skeleton (Crypt:2)
  3 black bears
  57 orc warriors
  4 ice beasts
  37 ogres
  An eye of draining (D:14)
  2 necrophages (Crypt:1)
  4 boggarts
  A manticore zombie (Crypt:3)
  9 centaurs
  A boggart (shapeshifter) (Vaults:2)
  9 wolves
  3 phantoms
  2 big kobolds
  4 elf zombies
  15 bullfrogs
  A wyvern zombie (D:13)
  2 earth elementals
  2 human skeletons
  A water moccasin zombie (Crypt:3)
  An ogre simulacrum (Vaults:1)
  2 wyvern skeletons
  A hornet simulacrum (D:14)
  2 scorpions
  2 yak skeletons
  12 killer bees
  5 wights
  7 electric eels
  4 howler monkeys
  3 bullfrog zombies
  2 quasits
  2 hounds
  A bullfrog skeleton (D:5)
  20 orc priests
  A gnoll shaman (D:4)
  9 jellies
  4 centaur skeletons
  3 iguanas
  5 worker ants
  22 orc wizards
  An ogre zombie (Crypt:1)
  A deep dwarf zombie (Crypt:3)
  7 mummies (Crypt:3)
  A howler monkey skeleton (D:6)
  A howler monkey zombie (D:11)
  12 gnolls
  A steam dragon zombie (Crypt:3)
  10 adders
  A steam dragon skeleton (Crypt:3)
  5 white imps
  4 ufetubi
  An ooze (D:1)
  An adder zombie (D:5)
  4 worms
  A dart slug (D:3)
  4 leopard geckos
  114 orcs
  2 ball pythons
  9 giant cockroaches
  11 goblins
  7 hobgoblins
  9 jackals
  25 kobolds
  3 quokkas
  9 bats
  5 frilled lizards
  2 leopard gecko skeletons
  A leopard gecko zombie (Crypt:2)
  8 rats
1884 creatures vanquished.

Vanquished Creatures (collateral kills)
  A dread lich (Vaults:5)
  Sojobo (Vaults:2)
  A golden dragon (Vaults:5)
  Nikola (Shoals:1)
  3 tentacled monstrosities (Vaults:5)
  A deep elf master archer (Elf:3)
  2 titans
  Asterion (Vaults:2)
  2 acid blobs (Depths:5)
  2 ancient champions (Crypt:1)
  A death cob (Zot:1)
  2 shadow dragons (Depths:4)
  2 storm dragons (Vaults:5)
  2 tengu reavers
  A revenant (Crypt:1)
  Ilsuiw (Shoals:2)
  A fire giant (Depths:3)
  3 deep elf sorcerers
  A frost giant (Depths:5)
  2 azure jellies (Depths:5)
  3 nagarajas (Snake:4)
  A vault warden (Vaults:5)
  A caustic shrike zombie (Crypt:2)
  A curse skull (Crypt:1)
  An iron dragon (Vaults:5)
  A draconian shifter (Zot:1)
  3 deep elf elementalists
  3 spriggan defenders (Depths:3)
  2 stone giants
  A very ugly thing (Vaults:4)
  5 vampire knights
  2 ironheart preservers
  A deep elf demonologist (Vaults:3)
  A deep elf annihilator (Elf:3)
  4 deep elf death magi (Elf:3)
  2 merfolk impalers (Shoals:4)
  5 merfolk javelineers
  A deep elf high priest (Elf:3)
  A death ooze (Depths:5)
  A jiangshi (Depths:2)
  5 hydras
  3 boulder beetles
  A yaktaur captain (Vaults:4)
  A rakshasa (Vaults:2)
  7 vault guards
  An ice dragon (Depths:2)
  3 great orbs of eyes
  8 ogre magi
  A spriggan air mage (Depths:3)
  A merfolk aquamancer (Shoals:4)
  A merfolk avatar (Shoals:4)
  A death knight (Crypt:1)
  4 dancing weapons
  A satyr (Shoals:4)
  10 two-headed ogres
  4 anacondas
  A spriggan berserker (Depths:4)
  2 alligator snapping turtles
  4 tengu warriors
  5 death yaks
  2 deep troll earth magi
  2 deep troll shamans
  4 vampire magi
  An orc high priest (Orc:2)
  2 naga sharpshooters
  A shock serpent (Snake:4)
  A soul eater (WizLab)
  3 deep elf knights
  7 skeletal warriors
  An unseen horror (D:15)
  5 deep trolls
  3 sea snakes
  An anaconda zombie (Crypt:3)
  A glowing orange brain (Depths:2)
  An iron troll (Depths:3)
  An infernal demonspawn (Depths:5)
  2 naga ritualists (Snake:4)
  A shadow dragon zombie (Crypt:3)
  A flayed ghost (Depths:2)
  4 orc knights
  A golden dragon skeleton (Crypt:2)
  3 ironbrand convokers (Vaults:4)
  A phantasmal warrior (Crypt:3)
  A wizard (Vaults:2)
  8 deep elf archers
  A tengu skeleton (Vaults:5)
  6 deep elf pyromancers
  A mana viper (Snake:4)
  2 fauns
  An iron dragon zombie (Crypt:3)
  A cyclops (Shoals:2)
  2 manticores
  3 deep elf zephyrmancers
  An orc sorcerer (D:15)
  5 slime creatures
  2 elephants (Lair:6)
  4 salamanders
  A moth of wrath (Zot:1)
  A cyclops (shapeshifter) (Depths:2)
  Joseph (D:10)
  14 ugly things
  A salamander (shapeshifter) (Vaults:4)
  4 guardian serpents (Snake:4)
  2 vault sentinels
  7 black mambas
  6 merfolk sirens
  A centaur zombie (D:13)
  An ice statue (Zig:6)
  7 naga magi
  A gargoyle (D:13)
  3 water nymphs
  3 cane toads
  3 komodo dragons
  9 yaktaurs
  A freezing wraith (Crypt:1)
  A hellwing (Depths:5)
  A rime drake (D:14)
  An ice devil (Depths:4)
  A tengu conjurer (Depths:3)
  A troll (shapeshifter) (Vaults:5)
  2 blink frogs (Lair:2)
  A wind drake (shapeshifter) (Elf:1)
  2 meliai (D:14)
  2 wind drakes
  2 hornets (Depths:4)
  An ettin zombie (Crypt:3)
  An iron troll skeleton (Crypt:1)
  4 merfolk
  A raiju (Zig:5)
  A human simulacrum (Vaults:5)
  4 dream sheep (Shoals:2)
  A meliai zombie (D:13)
  A flying skull (Crypt:1)
  5 water elementals
  3 shadows
  3 snapping turtles
  3 vampires (Crypt:3)
  A spriggan (Depths:4)
  3 wraiths
  A wyvern (Lair:6)
  2 basilisks
  8 yaks
  2 chaos spawn (WizLab)
  A neqoxec (WizLab)
  12 nagas
  Menkaure (D:6)
  4 wargs
  3 water moccasins
  A hell hound (Lair:6)
  A water moccasin (shapeshifter) (Vaults:5)
  A sky beast (D:11)
  12 orc warriors
  A floating eye (Depths:3)
  3 ice beasts
  A black bear (shapeshifter) (D:14)
  An eye of draining (D:13)
  2 wolves
  An ogre (shapeshifter) (Vaults:3)
  2 boggarts (Depths:4)
  8 ogres
  A snapping turtle skeleton (Crypt:3)
  3 centaurs
  A dream sheep skeleton (Crypt:1)
  A phantom (D:4)
  A lemure (D:6)
  2 bullfrogs
  A komodo dragon skeleton (Crypt:3)
  An earth elemental (Elf:2)
  7 killer bees
  2 howler monkeys
  A crimson imp (Hell)
  A lava snake (D:7)
  A jelly (D:13)
  5 orc priests
  A bullfrog skeleton (D:4)
  14 orc wizards
  2 worker ants
  A hound skeleton (D:4)
  A worker ant zombie (D:10)
  An adder (D:4)
  4 gnolls
  A white imp (D:5)
  An adder skeleton (D:4)
  A dart slug (D:3)
  47 orcs
  A ball python (D:4)
  A bat (D:2)
  6 goblins
  2 hobgoblins
  2 jackals (D:4)
  A quokka (D:6)
  A ball python skeleton (D:5)
  3 kobolds (D:4)
  A quokka zombie (D:8)
  2 rats (D:3)
524 creatures vanquished.

Vanquished Creatures (others)
  An ancient champion (Vaults:2)
  2 yaktaur captains (Vaults:3)
  An ogre mage (Vaults:4)
  2 deep elf knights
  A skeletal warrior (D:14)
  An ugly thing (Vaults:2)
  A black mamba (Snake:4)
  2 yaktaurs
  A snapping turtle (Shoals:4)
  A wolf (Lair:6)
  A centaur (Shoals:4)
  32 knights
  An ancestor (D:3)
  32 fungi
  179 plants
  2 starspawn tentacles (Zig:5)
260 creatures vanquished.

Grand Total: 2668 creatures vanquished

Notes
Turn   | Place    | Note
-------+----------+-------------------------------------------
     0 | D:1      | dolemite99 the Demonspawn Gladiator began the quest for the
                  | Orb.
     0 | D:1      | Reached XP level 1. HP: 16/16 MP: 1/1
   232 | D:1      | Gained mutation: You have a pair of small horns on your
                  | head. [demonic ancestry]
   232 | D:1      | Reached XP level 2. HP: 10/22 MP: 2/2
  1419 | D:1      | Reached XP level 3. HP: 27/27 MP: 3/3
  2013 | D:2      | Found a hazy altar of Hepliaklqana.
  2023 | D:2      | Became a worshipper of Hepliaklqana the Forgotten
  2236 | D:2      | Found a snail-covered altar of Cheibriados.
  2243 | D:2      | Gained mutation: Your demonic aura sometimes causes spilled
                  | blood to erupt in flames [demonic ancestry]
  2243 | D:2      | Reached XP level 4. HP: 28/29 MP: 4/4
  2243 | D:2      | Found a shimmering blue altar of Sif Muna.
  2258 | D:2      | Found a stormy altar of Qazlal.
  2354 | D:2      | Found a sacrificial altar of Ru.
  2453 | D:2      | Noticed Sigmund
  3113 | D:3      | Reached skill level 5 in Axes
  3306 | D:3      | Reached * piety under Hepliaklqana
  3329 | D:3      | Gained mutation: Your demonic aura often causes spilled
                  | blood to erupt in flames [demonic ancestry]
  3329 | D:3      | Reached XP level 5. HP: 14/34 MP: 5/5
  4152 | D:4      | Reached XP level 6. HP: 38/39 MP: 6/6
  4535 | D:5      | Entered Level 5 of the Dungeon
  4581 | D:4      | Reached ** piety under Hepliaklqana
  4582 | D:4      | Remembered your ancestor Yamquzzuhalamma as a knight
  6341 | D:4      | Noticed Eustachio
  6383 | D:4      | Killed Eustachio
  6384 | D:4      | Reached XP level 7. HP: 44/45 MP: 7/7
  7626 | D:5      | Got a pair of masterwork boots
  7647 | D:5      | Identified the +2 pair of boots of Existentialism {rPois
                  | rC+ MP+9 Str+4 Dex-4} (You found it on level 5 of the
                  | Dungeon)
  7861 | D:5      | Learned a level 2 spell: Blink
  7926 | D:5      | Gained mutation: You have sharp fingernails. [demonic
                  | ancestry]
  7926 | D:5      | Reached XP level 8. HP: 47/50 MP: 8/8
  8603 | D:6      | Noticed Pikel
  8628 | D:6      | Killed Pikel
  8960 | D:6      | Reached skill level 5 in Bows
  9081 | D:6      | Gained mutation: You have a pair of horns on your head.
                  | [demonic ancestry]
  9081 | D:6      | Reached XP level 9. HP: 48/54 MP: 9/9
  9199 | D:6      | Reached *** piety under Hepliaklqana
  9320 | D:6      | Noticed Menkaure
  9329 | D:6      | Killed Menkaure
  9586 | D:6      | Found a glowing silver altar of Zin.
  9717 | D:6      | Noticed Prince Ribbit
  9723 | D:6      | Killed Prince Ribbit
 10200 | D:7      | Found a staircase to the Ecumenical Temple.
 10329 | D:7      | Found an opulent altar of Gozag.
 10375 | D:7      | Found a transporter.
 10375 | D:7      | Found a transporter.
 10375 | D:7      | Noticed CosmicReverie's ghost (novice MiBe)
 10378 | D:7      | Noticed a queen bee
 10447 | D:7      | Reached skill level 1 in Armour
 11189 | D:8      | Noticed a boulder beetle
 11255 | D:8      | Found Wuwuec's Distillery.
 11258 | D:8      | Bought a potion of heal wounds for 75 gold pieces
 11258 | D:8      | Bought a potion of invisibility for 120 gold pieces
 11258 | D:8      | Bought a potion of curing for 45 gold pieces
 11407 | D:8      | Reached **** piety under Hepliaklqana
 11923 | D:9      | Noticed a two-headed ogre
 11935 | D:9      | Killed a two-headed ogre
 11936 | D:9      | Gained mutation: You have large cloven feet. [demonic
                  | ancestry]
 11936 | D:9      | Reached XP level 10. HP: 56/60 MP: 10/10
 12058 | D:9      | Found a staircase to the Lair.
 12070 | D:9      | Found a radiant altar of Vehumet.
 12154 | D:8      | Noticed Gastronok
 12167 | D:8      | Killed Gastronok
 12168 | D:8      | Reached skill level 6 in Fighting
 12778 | D:9      | Reached skill level 7 in Fighting
 13108 | D:9      | Found a sparkling altar of Nemelex Xobeh.
 13280 | D:10     | Entered Level 10 of the Dungeon
 13297 | D:10     | Noticed Joseph
 13311 | D:10     | Killed Joseph
 13312 | D:10     | Reached skill level 8 in Fighting
 13569 | D:10     | Noticed a phantasmal warrior
 13587 | D:10     | Killed a phantasmal warrior
 13588 | D:10     | Reached skill level 9 in Fighting
 13974 | D:10     | Noticed a death knight
 13991 | D:10     | Killed a death knight
 13992 | D:10     | Gained mutation: You have very sharp fingernails. [demonic
                  | ancestry]
 13992 | D:10     | Reached XP level 11. HP: 77/80 MP: 11/11
 14007 | D:10     | Noticed a phantasmal warrior
 14017 | D:10     | Killed a phantasmal warrior
 14018 | D:10     | Reached skill level 10 in Axes
 14534 | D:10     | Found a staircase to the Orcish Mines.
 14544 | D:10     | Found a portal to a secret trove of treasure.
 15321 | D:8      | Killed a boulder beetle
 15475 | D:8      | Bought 2 potions of curing for 90 gold pieces
 16100 | Lair:1   | Entered Level 1 of the Lair of Beasts
 16139 | Lair:1   | You fall into a shaft and drop 1 floor!
 16322 | Lair:2   | Noticed a four-headed hydra
 16333 | Lair:2   | Killed a four-headed hydra
 17167 | Lair:1   | Reached ***** piety under Hepliaklqana
 17303 | Lair:1   | Noticed an oklob plant
 17710 | Lair:1   | Reached skill level 1 in Invocations
 18440 | Lair:1   | Noticed an oklob plant
 18932 | Lair:2   | Reached XP level 12. HP: 64/85 MP: 14/14
 19134 | Lair:2   | Found a hide-covered altar of Uskayaw.
 19134 | Lair:2   | Found an ornate altar of the Wu Jian Council.
 19134 | Lair:2   | Noticed a boulder beetle
 19143 | Lair:2   | Killed a boulder beetle
 19316 | Lair:2   | Found a runed translucent gate.
 19316 | Lair:2   | Found a runed translucent gate.
 19319 | Lair:2   | Found a runed translucent gate.
 19321 | Lair:2   | Noticed a death ooze
 19322 | Lair:2   | Noticed Tuin's ghost (journeyman MiBe)
 19483 | Lair:2   | Reached skill level 5 in Invocations
 20081 | Lair:2   | Found a viscous altar of Jiyva.
 20252 | Lair:3   | Reached skill level 1 in Evocations
 20677 | Lair:3   | Noticed a death yak
 20677 | Lair:3   | Noticed a death yak
 20686 | Lair:3   | Noticed a death yak
 20689 | Lair:3   | Noticed a death yak
 20697 | Lair:3   | Noticed a death yak
 20703 | Lair:3   | Killed a death yak
 20708 | Lair:3   | Killed a death yak
 20709 | Lair:3   | Reached skill level 10 in Bows
 20715 | Lair:2   | Killed a death yak
 21207 | Lair:3   | Found a staircase to the Snake Pit.
 21215 | Lair:3   | Reached skill level 5 in Evocations
 21268 | Lair:3   | Noticed an ice dragon
 21285 | Lair:3   | Killed an ice dragon
 21660 | Lair:3   | Found a transporter.
 21668 | Lair:3   | Noticed puppykicker's ghost (adept HuIE)
 21671 | Lair:3   | Found a transporter.
 21700 | Lair:3   | Killed a death yak
 21703 | Lair:3   | Killed a death yak
 21784 | Lair:3   | Noticed a boulder beetle
 21840 | Lair:3   | Noticed SomeFlowers's ghost (journeyman HuEE)
 22510 | Lair:4   | Noticed an eight-headed hydra
 22513 | Lair:4   | Killed an eight-headed hydra
 22514 | Lair:4   | Gained mutation: You regenerate magic rapidly. [demonic
                  | ancestry]
 22514 | Lair:4   | Reached XP level 13. HP: 90/90 MP: 17/17
 23015 | Lair:4   | You fall into a shaft and drop 2 floors!
 23015 | Lair:6   | Entered Level 6 of the Lair of Beasts
 23155 | Lair:6   | Reached skill level 10 in Evocations
 24027 | Lair:4   | Reached skill level 10 in Fighting
 24228 | Lair:4   | Found a staircase to the Shoals.
 25214 | Lair:5   | Learned a level 1 spell: Animate Skeleton
 26004 | Lair:6   | Gained mutation: You have claws for hands. [demonic
                  | ancestry]
 26004 | Lair:6   | Reached XP level 14. HP: 91/99 MP: 18/18
 26539 | Lair:6   | Reached skill level 11 in Fighting
 27198 | Lair:6   | Found a viscous altar of Jiyva.
 27201 | Lair:6   | Found a staircase to the Slime Pits.
 28945 | D:11     | Noticed Snorg
 28951 | D:11     | Killed Snorg
 33186 | D:13     | Learned a level 1 spell: Apportation
 33188 | D:13     | Learned a level 1 spell: Corona
 33191 | D:13     | Learned a level 2 spell: Blink
 33194 | D:13     | Learned a level 2 spell: Poisonous Vapours
 33198 | D:13     | Learned a level 3 spell: Conjure Flame
 33205 | D:13     | Learned a level 3 spell: Mephitic Cloud
 33546 | D:13     | Found a sacrificial altar of Ru.
 35070 | D:13     | Gained mutation: You have hoof-like feet. [demonic
                  | ancestry]
 35070 | D:13     | Reached XP level 15. HP: 97/108 MP: 21/21
 35226 | Orc:1    | Entered Level 1 of the Orcish Mines
 35328 | Orc:1    | Found a flagged portal.
 35480 | Bailey   | Entered a bailey
 35774 | Bailey   | Reached skill level 12 in Fighting
 35774 | Bailey   | Reached skill level 10 in Armour
 36203 | Orc:2    | Entered Level 2 of the Orcish Mines
 36280 | Orc:2    | Found a burning altar of Makhleb.
 36337 | Orc:2    | Found a staircase to the Elven Halls.
 37836 | Orc:2    | Found a roughly hewn altar of Beogh.
 37948 | Orc:2    | Found a roughly hewn altar of Beogh.
 38071 | Orc:2    | Found Jeumaukh's Distillery.
 38071 | Orc:2    | Found Wenkemev's Gadget Emporium.
 38204 | Orc:2    | Found Pitacafi's Jewellery Emporium.
 38204 | Orc:2    | Found Piddel's General Store.
 38227 | Orc:2    | Bought the amulet of Brilliance {Acrobat rF+} for 484 gold
                  | pieces
 38280 | Orc:2    | Bought a tin of tremorstones (2/2) for 480 gold pieces
 38280 | Orc:2    | Bought a wand of acid (10) for 336 gold pieces
 38286 | Orc:2    | Bought a box of beasts for 480 gold pieces
 40162 | D:14     | Reached skill level 13 in Fighting
 40425 | D:14     | Found a gate to the Vaults.
 40844 | D:15     | Entered Level 15 of the Dungeon
 41761 | D:15     | Gained mutation: When hurt, damage is shared between your
                  | health and your magic reserves. [demonic ancestry]
 41761 | D:15     | Reached XP level 16. HP: 117/117 MP: 22/22
 42319 | D:15     | Reached XP level 17. HP: 123/123 MP: 23/23
 42362 | D:15     | Found a staircase to the Depths.
 42820 | Orc:2    | Bought a potion of heal wounds for 70 gold pieces
 42820 | Orc:2    | Bought a potion of heal wounds for 70 gold pieces
 42820 | Orc:2    | Bought a potion of heal wounds for 70 gold pieces
 42820 | Orc:2    | Bought a potion of brilliance for 56 gold pieces
 42992 | Snake:1  | Entered Level 1 of the Snake Pit
 43148 | Snake:1  | You fall into a shaft and drop 1 floor!
 43349 | Snake:1  | Reached skill level 5 in Translocations
 43551 | Snake:1  | Found a runed translucent gate.
 43551 | Snake:1  | Found a runed translucent gate.
 43551 | Snake:1  | Found a runed translucent gate.
 43749 | Snake:1  | Noticed Nys Cevy's ghost (adept TrFi)
 44040 | Snake:2  | Found Geem's Assorted Antiques.
 44047 | Snake:2  | Bought a clouded marble ring for 140 gold pieces
 44049 | Snake:2  | Identified the ring of Hipuar Qesm {+Blink rElec rN+ SInv}
                  | (You bought it in a shop on level 2 of the Snake Pit)
 44072 | Snake:2  | Found a shimmering altar of Xom.
 45129 | Snake:3  | Learned a level 3 spell: Inner Flame
 46273 | Snake:4  | Entered Level 4 of the Snake Pit
 46931 | Snake:4  | Noticed hehateme's ghost (adept TeGl)
 46932 | Snake:4  | Found a transporter.
 47377 | Snake:4  | Identified Cyrphex's Grimoire of Frigorific Orientation
 47386 | Snake:4  | Identified the +3 chain mail of the Monkey's Uncle {rElec
                  | Int-2 Slay+2} (You found it on level 4 of the Snake Pit)
 49145 | Snake:4  | Found a transporter.
 49169 | Snake:4  | Cast into level 2 of the Abyss (nagaraja)
 49192 | Snake:4  | Escaped the Abyss
 49897 | Snake:4  | Reached skill level 15 in Axes
 50143 | Snake:4  | Gained mutation: When low on magic, you restore magic in
                  | place of health. [demonic ancestry]
 50143 | Snake:4  | Reached XP level 18. HP: 101/130 MP: 24/24
 51312 | Snake:4  | Got a serpentine rune of Zot
 51503 | Shoals:1 | Entered Level 1 of the Shoals
 51689 | Shoals:1 | Noticed Nikola
 51697 | Shoals:1 | Killed Nikola
 52660 | Shoals:2 | Identified a scroll of acquirement
 52660 | Shoals:2 | Acquired the ring "Huenk" {rC+ Int+6 Dex+6}
 53647 | Shoals:2 | Noticed Ilsuiw
 53666 | Shoals:2 | Killed Ilsuiw
 54774 | Shoals:3 | Found a runed translucent gate.
 54775 | Shoals:3 | Found a runed translucent gate.
 54776 | Shoals:3 | Found a runed translucent gate.
 54778 | Shoals:3 | Noticed Yphe's ghost (adept MiBe)
 55220 | Orc:2    | Bought a potion of haste for 140 gold pieces
 55220 | Orc:2    | Bought a potion of haste for 140 gold pieces
 55252 | Orc:2    | Bought 3 scrolls of teleportation for 135 gold pieces
 55284 | Orc:2    | Bought 2 potions of brilliance for 112 gold pieces
 55293 | Orc:2    | Bought a wand of paralysis (6) for 96 gold pieces
 55293 | Orc:2    | Bought a wand of polymorph (5) for 84 gold pieces
 55473 | Vaults:1 | Entered Level 1 of the Vaults
 56143 | Vaults:1 | Found Dipeuv's Book Shoppe.
 56194 | Vaults:1 | Reached XP level 19. HP: 135/135 MP: 25/25
 56629 | Vaults:1 | Found a runed translucent gate.
 56629 | Vaults:1 | Found a runed translucent gate.
 56629 | Vaults:1 | Found a runed translucent gate.
 56963 | Vaults:1 | Noticed hyperkahler's ghost (veteran MiFi)
 57159 | Vaults:2 | Noticed Xtahua
 57169 | Vaults:2 | Paralysed by Xtahua for 6 turns
 57181 | Vaults:2 | Killed Xtahua
 57620 | Vaults:2 | Reached skill level 14 in Fighting
 57921 | Vaults:2 | Noticed Sojobo
 57922 | Vaults:2 | Noticed Asterion
 57922 | Vaults:2 | Noticed Frederick
 58858 | Vaults:2 | Killed Frederick
 59443 | Vaults:2 | Identified the +5 hunting sling of Nireklam {flame, MP+9
                  | Dex+3} (You found it on level 2 of the Vaults)
 59549 | Vaults:2 | Killed Sojobo
 59550 | Vaults:2 | Reached skill level 15 in Fighting
 59557 | Vaults:2 | Killed Asterion
 59841 | Vaults:2 | Upgraded the game from 0.27-a0-223-ge082b6e869 to
                  | 0.27-a0-242-ge0fc76b88b
 60338 | Vaults:3 | You fall into a shaft and drop 1 floor!
 60380 | Vaults:4 | Gained mutation: You have a pair of large horns on your
                  | head. [demonic ancestry]
 60380 | Vaults:4 | Reached XP level 20. HP: 108/145 MP: 26/26
 60533 | Vaults:4 | Acquired 771 gold pieces
 60726 | Vaults:4 | Found Gaisa's General Store.
 60735 | Vaults:4 | Bought a potion of berserk rage for 110 gold pieces
 60735 | Vaults:4 | Bought a potion of brilliance for 88 gold pieces
 61241 | Vaults:4 | Reached skill level 16 in Fighting
 62719 | Vaults:4 | Noticed Jory
 62722 | Vaults:4 | Noticed Aizul
 62750 | Vaults:4 | HP: 6/149 [Jory/+1 glaive of venom (20)]
 62822 | Vaults:4 | Killed Jory
 62823 | Vaults:4 | Reached skill level 15 in Armour
 63231 | Vaults:4 | Found a runed translucent door.
 63236 | Vaults:4 | Found a shimmering altar of Xom.
 63237 | Vaults:4 | Noticed Vairuzis's ghost (adept PaWr)
 63303 | Vaults:3 | Found Cempiry's Weapon Shop.
 63305 | Vaults:3 | Reached skill level 17 in Fighting
 64001 | Vaults:3 | Found a staircase to the Crypt.
 64075 | Vaults:3 | Noticed Mennas
 64088 | Vaults:3 | Killed Mennas
 64089 | Vaults:3 | Reached XP level 21. HP: 112/156 MP: 27/27
 64233 | Vaults:3 | Noticed Donald
 64242 | Vaults:3 | Killed Donald
 65495 | Vaults:4 | Killed Aizul
 66479 | Elf:1    | Entered Level 1 of the Elven Halls
 66485 | Elf:1    | Reached skill level 18 in Fighting
 66742 | Elf:1    | Found a magical portal.
 66833 | Elf:1    | Noticed Jorgrun
 66843 | Elf:1    | Killed Jorgrun
 66876 | WizLab   | Entered The Hall of the Hellbinder
 66983 | WizLab   | Gained mutation: You have hooves in place of feet. [a
                  | neqoxec]
 68416 | Elf:1    | Identified the Volume of Sinister Arts
 68461 | Elf:1    | Found Touhuank's Armour Emporium.
 68821 | Elf:2    | Found a runed translucent gate.
 68883 | Elf:2    | Found a runed translucent gate.
 68889 | Elf:2    | Found a runed translucent gate.
 70331 | Shoals:4 | Entered Level 4 of the Shoals
 71408 | Shoals:4 | Found Irivaju's Distillery.
 71446 | Shoals:4 | Mutation became permanent: You have hoof-like feet.
                  | [demonic ancestry]
 71446 | Shoals:4 | Gained mutation: You have hooves in place of feet. [demonic
                  | ancestry]
 71446 | Shoals:4 | Reached XP level 22. HP: 142/165 MP: 26/29
 71459 | Shoals:4 | Reached skill level 10 in Invocations
 71963 | Shoals:4 | Bought a potion of haste for 130 gold pieces
 71963 | Shoals:4 | Bought a potion of resistance for 130 gold pieces
 71963 | Shoals:4 | Bought a potion of heal wounds for 65 gold pieces
 71963 | Shoals:4 | Bought a potion of brilliance for 52 gold pieces
 71963 | Shoals:4 | Bought a potion of brilliance for 52 gold pieces
 71963 | Shoals:4 | Bought 2 potions of might for 104 gold pieces
 71963 | Shoals:4 | Bought a potion of ambrosia for 104 gold pieces
 71963 | Shoals:4 | Bought 2 potions of flight for 78 gold pieces
 71963 | Shoals:4 | Bought a potion of flight for 39 gold pieces
 71990 | Shoals:4 | Found a shimmering altar of Xom.
 72904 | Shoals:4 | Got a barnacled rune of Zot
 73572 | Snake:2  | Bought a scroll of blinking for 210 gold pieces
 73572 | Snake:2  | Bought a scroll of teleportation for 84 gold pieces
 73572 | Snake:2  | Bought a runed marble ring for 140 gold pieces
 73579 | Snake:2  | Bought a wand of paralysis (11) for 56 gold pieces
 73856 | Depths:1 | Entered Level 1 of the Depths
 74046 | Depths:1 | Found Dycibb's Gadget Shoppe.
 74281 | Depths:1 | Bought a wand of iceblast (7) for 187 gold pieces
 74281 | Depths:1 | Bought a wand of iceblast (7) for 187 gold pieces
 74281 | Depths:1 | Bought a wand of iceblast (9) for 221 gold pieces
 74281 | Depths:1 | Bought a wand of digging (3) for 238 gold pieces
 74281 | Depths:1 | Bought a wand of paralysis (14) for 272 gold pieces
 74281 | Depths:1 | Bought a wand of iceblast (12) for 272 gold pieces
 74315 | Depths:1 | Found a gateway to Hell.
 77210 | Depths:2 | Noticed Mara
 77211 | Depths:2 | Noticed dolemite99's illusion
 77475 | Depths:3 | Found a gateway to a ziggurat.
 77959 | Depths:3 | Reached skill level 19 in Fighting
 78095 | Depths:3 | Identified the +4 war axe "Teck" {vorpal, Dex+2} (You found
                  | it on level 3 of the Depths)
 78388 | Depths:3 | Found a one-way gate leading to the halls of Pandemonium.
 79100 | Depths:3 | Found a glowing golden altar of the Shining One.
 79216 | Depths:3 | Noticed the Enchantress
 79227 | Depths:3 | Reached XP level 23. HP: 83/174 MP: 5/31
 79265 | Depths:3 | Killed the Enchantress
 79577 | Depths:3 | Found a runed translucent door.
 79577 | Depths:3 | Found a runed translucent door.
 79917 | Depths:4 | Identified the +9 short sword of Meicw {vorpal, +Inv}
 80091 | Depths:4 | Found a one-way gate to the infinite horrors of the Abyss.
 80162 | Depths:4 | Noticed a caustic shrike
 80167 | Depths:4 | Killed a caustic shrike
 80590 | Depths:4 | Reached skill level 15 in Bows
 80879 | Depths:4 | Noticed a juggernaut
 80899 | Depths:4 | Killed a juggernaut
 81276 | Depths:4 | Found Pennix's Gadget Emporium.
 81292 | Depths:4 | Paralysed by a hornet for 3 turns
 81819 | Depths:4 | Bought a wand of paralysis (13) for 285 gold pieces
 81819 | Depths:4 | Bought a wand of digging (5) for 342 gold pieces
 81819 | Depths:4 | Bought a wand of paralysis (7) for 171 gold pieces
 82458 | Depths:5 | Entered Level 5 of the Depths
 82514 | Depths:5 | Found Feuzueq's Magic Scroll Boutique.
 82577 | Depths:5 | Bought 2 scrolls of fog for 44 gold pieces
 82577 | Depths:5 | Bought a scroll of fog for 22 gold pieces
 82577 | Depths:5 | Bought a scroll of teleportation for 33 gold pieces
 82577 | Depths:5 | Bought a scroll of teleportation for 33 gold pieces
 82577 | Depths:5 | Bought a scroll of teleportation for 33 gold pieces
 82577 | Depths:5 | Bought a scroll of magic mapping for 38 gold pieces
 82577 | Depths:5 | Bought a scroll of identify for 22 gold pieces
 82577 | Depths:5 | Bought a scroll of identify for 22 gold pieces
 83271 | Depths:5 | Found a gate to the Realm of Zot.
 83748 | Depths:5 | Gained mutation: Your magical and physical power is
                  | slightly enhanced at high health. [demonic ancestry]
 83748 | Depths:5 | Reached XP level 24. HP: 30/180 MP: 13/31
 84156 | Depths:5 | Found a viscous altar of Jiyva.
 84553 | Depths:5 | Noticed Margery
 84570 | Depths:5 | Killed Margery
 85486 | Elf:3    | Entered Level 3 of the Elven Halls
 85702 | Elf:3    | Found Hais's General Store.
 85706 | Elf:3    | Bought 3 scrolls of magic mapping for 168 gold pieces
 85706 | Elf:3    | Bought a wand of iceblast (5) for 144 gold pieces
 85706 | Elf:3    | Bought a potion of curing for 48 gold pieces
 85706 | Elf:3    | Bought a scroll of fog for 32 gold pieces
 85902 | Elf:3    | Reached skill level 1 in Necromancy
 86368 | Elf:3    | Identified the cursed +2 trident of the End of Times
                  | {flame, rPois}
 86380 | Elf:3    | Identified the +0 short sword "Cugaogam" {venom, rC+ Int-3
                  | Dex+5}
 86381 | Elf:3    | Reached skill level 5 in Necromancy
 86891 | Elf:3    | Identified the +6 battleaxe of Radicalism {flame, Dex+5}
 87259 | Elf:3    | Identified the +4 war axe of Biypn {freeze, *Slow Dex+5}
 87459 | Elf:3    | Identified the +4 bardiche "Sarcophage" {pain, *Noise +Inv
                  | rF+ Dex+2}
 87473 | Elf:3    | Reached skill level 10 in Necromancy
 87633 | Elf:3    | Identified Sif Muna's Almanac of Earthen Intoxication
 88124 | Vaults:5 | Entered Level 5 of the Vaults
 88158 | Vaults:5 | Noticed a dread lich
 88166 | Vaults:5 | Paralysed by a dread lich for 5 turns
 88172 | Vaults:5 | Killed a dread lich
 88512 | Vaults:5 | Reached skill level 15 in Invocations
 88516 | Vaults:5 | Gained mutation: Your magical and physical power is
                  | enhanced at high health. [demonic ancestry]
 88516 | Vaults:5 | Reached XP level 25. HP: 112/187 MP: 33/34
 89442 | Vaults:5 | Identified the +8 morningstar of Inquiry {freeze, *Drain
                  | rElec Str+2}
 89538 | Vaults:5 | Reached skill level 1 in Spellcasting
 89556 | Vaults:5 | Identified the cursed +1 great mace of Terror {vorpal,
                  | SInv} (You found it on level 5 of the Vaults)
 89938 | Vaults:5 | Reached skill level 5 in Spellcasting
 90579 | Vaults:5 | Identified the +7 ring mail of the Lute {+Fly rElec Dex-4
                  | SInv}
 90960 | Vaults:5 | Got a silver rune of Zot
 92192 | Crypt:1  | Entered Level 1 of the Crypt
 93456 | Crypt:1  | Reached skill level 10 in Translocations
 94259 | Crypt:1  | Gained mutation: Your demonic aura causes all spilled blood
                  | to erupt in flames. [demonic ancestry]
 94259 | Crypt:1  | Reached XP level 26. HP: 155/193 MP: 31/36
 94415 | Crypt:1  | Found the ring of the Hare {EV+8}
 95053 | Crypt:2  | Reached skill level 5 in Dodging
 95640 | Crypt:3  | Entered Level 3 of the Crypt
 96816 | Crypt:3  | Identified the +7 great sword of Fragile Peace {vorpal, rF+
                  | Int+2 Dex+2}
 97412 | Crypt:3  | Reached skill level 10 in Dodging
 98081 | Crypt:3  | Identified the +2 chain mail "Xogokhir" {rF+ Dex+3} (You
                  | found it on level 3 of the Crypt)
 98196 | Crypt:3  | Identified the +6 plate armour of Courage {Str+4} (You
                  | found it on level 3 of the Crypt)
 99120 | Crypt:3  | Found a staircase to the Tomb.
 99774 | Zot:1    | Entered Level 1 of the Realm of Zot
100473 | Zig:1    | Entered Level 1 of a ziggurat
100494 | Zig:2    | Entered Level 2 of a ziggurat
100819 | Zig:3    | Entered Level 3 of a ziggurat
100909 | Zig:4    | Entered Level 4 of a ziggurat
100932 | Zig:4    | Identified the ring of Pisk {Ice +Fly Will+ Str+3 Stlth+}
                  | (You found it on level 4 of a ziggurat)
100955 | Zig:5    | Entered Level 5 of a ziggurat
101530 | Zig:6    | Entered Level 6 of a ziggurat
102295 | Zot:1    | Reached skill level 20 in Fighting
102969 | Zot:1    | Gained mutation: Your magical and physical power is greatly
                  | enhanced at high health. [demonic ancestry]
102969 | Zot:1    | Reached XP level 27. HP: 201/201 MP: 36/36
102973 | Zot:1    | Learned a level 2 spell: Passwall
103115 | Zot:1    | Reached skill level 1 in Earth Magic
104094 | Hell     | Entered the Vestibule of Hell
104094 | Hell     | Noticed Geryon
104094 | Hell     | Found a gateway to the ashen valley of Gehenna.
104115 | Hell     | Reached skill level 5 in Earth Magic
104119 | Hell     | HP: 5/201 [reaper/+2 vorpal scythe (17)]
104119 | Hell     | HP: 1/201 [reaper/+2 vorpal scythe (4)]
104119 | Hell     | Demolished by a reaper

Illustrated notes

Levels and vault maps discovered:
D:1:      minmay_arrival_hallway, layout_basic
D:2:      layout_basic, old_standard_altar, lemuel_doored_altar,
          grunt_temple_overflow_open, grunt_qazlal_clouds, minmay_diced_spiral,
          uniq_jessica, uniq_sigmund
D:3:      layout_basic
D:4:      corexii_shantytown, layout_layer_cave, minmay_checkerbox,
          uniq_eustachio
D:5:      layout_rooms
D:6:      layout_basic, kennysheep_mini, kennysheep_cross_bottleneck,
          minmay_misc_feat_plants, wad_rectangle_vault, uniq_pikel,
          uniq_prince_ribbit1, uniq_menkaure
D:7:      layout_loops_ring, minmay_temple_entry_grid, gammafunk_ghost_hive,
          kennysheep_path_1, dk_noncrumbling_2,
          nicolae_gozag_cash_rules_everything_around_me
D:8:      kennysheep_six_static_rooms, layout_rooms, serial_shops, shop,
          uniq_gastronok
D:9:      layout_irregular_city, kennysheep_mini_moat,
          nemelex_xobeh_ov_fountains_minmay, lair_entry_dummy
D:10:     layout_irregular_city, hiddenorc1_lemuel,
          nicolae_trove_entry_free_sample, minmay_rotating_lava, uniq_joseph
D:11:     layout_cave_pods, serial_bayou, serial_bayou_shore_b,
          serial_bayou_lagoon_a, serial_bayou_lagoon_b, serial_bayou_shore_b,
          roderic_lattice_a, minmay_evil_grid, uniq_snorg
D:12:     layout_cross, minivault_1, serial_bayou_pond_a
D:13:     layout_grid_maze, minmay_misc_feat_enclosed, nicolae_ru_awakened_eye
D:14:     layout_basic, hangedman_vaults_entry_quadrant_bands,
          interstate_on_off, serial_ice, serial_ice_e, serial_ice_n,
          serial_ice_k, serial_ice_c, portal_ice_cave_rime,
          kennysheep_decorative_pillar, grunt_ministairs_11
D:15:     grunt_enter_depths_magical_seal, layout_irregular_city,
          nicolae_lava_and_water, chequers_serial_rivers_micro_b,
          hangedman_decor_slide_cut
Lair:1:   statuecave_lemuel, layout_cave_pods, special_room [special_room_bee],
          chequers_serial_rivers_room_a, serial_bayou_pond_e,
          minmay_lair_oklob_chamber, grunt_megastairs_2
Lair:2:   layout_chaotic_city, gammafunk_ghost_ooze,
          nzn_masters_of_martial_movement, grunt_megastairs_3
Lair:3:   layout_gridlike, minmay_snake_entry_spellcaster, nzn_ghost_randoct,
          ice2_lemuel
Lair:4:   layout_cellular_growth, minmay_shoals_entry_beasts, grunt_megastairs_4
Lair:5:   layout_roguey, grunt_megastairs_1
Lair:6:   cheibrodos_lair_end_hotspot, layout_cave_pods, slime_altar_1,
          serial_bayou_shore_a
Shoals:1: layout_shoals, uniq_nikola
Shoals:2: cheibrodos_shoals_three_sisters, layout_shoals, uniq_ilsuiw
Shoals:3: layout_shoals, ebering_ghost_rock_garden
Shoals:4: shoals_end_grunt_ice, layout_shoals, shoal_ilsuiw, serial_shops,
          nicolae_shop_trees, lemuel_centaur_altar
Snake:1:  layout_honeycomb, gammafunk_ghost_necromancy
Snake:2:  skrybe_snakes_to_sticks, layout_onion_interference, serial_shops, shop
Snake:3:  layout_cave_pods
Snake:4:  grunt_snake_rune_serpentine_throne, layout_cave_town,
          gammafunk_ghost_arena, nicolae_snake_linked_coils, st_stairs_4,
          nicolae_snake_single_loop, chequers_hall_statues_y,
          fake_guardian_serpent_vault
Orc:1:    layout_caves, enter_bailey_5
Orc:2:    st_orc_town, layout_caves, basic_altar, bloody_makhleb
Elf:1:    cheibrodos_salmonella, layout_geoelf_grid, mu_enter_wizlab_1,
          serial_shops, nicolae_shop_crystal, minmay_elf_necromancy,
          st_stairs_6, uniq_jorgrun
Elf:2:    layout_rooms, uniq_asterion
Elf:3:    elf_hall, layout_geoelf_diagonals, serial_shops, nicolae_shop_stone,
          corexii_leaking_fountain
Vaults:1: gammafunk_vaults_ghost_spectres, v_misc_13,
          nicolae_vaults_little_squares_6, v_misc_22, grunt_vaults_twisty,
          ontoclasm_vaults_loading_screen, layout_vaults_omnigrid, serial_shops,
          nicolae_shop_behind_doors
Vaults:2: hangedman_vaults_corner_blocks, v_misc_1, v_alt_pattern_4,
          nicolae_vaults_angled_halls, nicolae_vaults_network_quinsquares
          [nicolae_vaults_network_quincunx_subvault,
          nicolae_vaults_network_quincunx_subvault,
          nicolae_vaults_network_quincunx_subvault,
          nicolae_vaults_network_quincunx_subvault],
          nicolae_vaults_puzzle_piece, nicolae_vaults_little_squares_6,
          ontoclasm_vaults_spin, vaults_room_ringed_pool, sword_in_stone,
          hangedman_vaults_trim, grunt_vaults_funnel, ontoclasm_vaults_fault,
          layout_vaults_ring, uniq_xtahua
Vaults:3: hangedman_vaults_unwind, minmay_crypt_entry_nasty_monster,
          vaults_room_octagon, v_misc_18, ontoclasm_vaults_pinch,
          v_alt_pattern_5, v_pattern_2, vaults_mumra_chevron_long,
          hangedman_vaults_stretched_pinwheel, layout_vaults_omnicross,
          serial_shops, shop, uniq_donald, uniq_mennas
Vaults:4: ebering_vaults_ghost_xom, nicolae_vaults_border_crossing,
          vaults_standard_mumra_x, vaults_room_fours, v_pattern_5,
          dpeg_vaults_pockets_of_resistance, vaults_dpeg_encased_lava,
          grunt_vaults_hallway_short, vaults_standard_mumra_enter_the_diamond,
          nicolae_vaults_ring_of_whatevers, hangedman_vaults_stream,
          nicolae_vaults_rhombus_5, hangedman_vaults_impose,
          vaults_room_semicircle, layout_vaults_omnibox, serial_shops, shop,
          uniq_aizul, uniq_jory, uniq_frederick
Vaults:5
Crypt:1:  layout_gridlike, small_chamber_with_monster
Crypt:2:  layout_basic, lemuel_elevator
Crypt:3:  due_elkab, layout_chaotic_city, nicolae_tomb_entry_grand_gallery
Depths:1: layout_cave_pools, serial_shops, nicolae_shop_statue_plus, hell_entry,
          kennysheep_generic_room_14
Depths:2: nooodl_glass_maze, layout_basic, serial_co_window_serial,
          co_window_paths_b, co_window_paths_a, co_window_paths_a,
          co_window_paths_b, co_window_paths_a, co_window_paths_b,
          co_window_corner_ca, co_window_paths_c, co_window_of_opportunity_b,
          co_window_4corner_b, hell_entry, skrybe_limestone_x,
          kennysheep_doodads, uniq_mara
Depths:3: minmay_the_grid_four_pointed_star_mashed
          [minmay_the_grid_triangle_9x9_limited_checkers,
          minmay_the_grid_triangle_9x9_stretched_checkered,
          minmay_the_grid_triangle_9x9_tough_junction,
          minmay_the_grid_triangle_9x9_alien,
          minmay_the_grid_prize_diamond_cup], layout_honeycomb,
          enter_ziggurat_b, rand_demon_pan_entry_3, hell_entry, tso_altar,
          infiniplex_staircase_pool_1, uniq_enchantress
Depths:4: nicolae_legendary_halls, layout_honeycomb, minmay_crystal_water,
          serial_glass, glass_columns_a, glass_columns_c, grunt_mini_vestibule,
          abyss_entry, serial_shops, shop, serial_sigils_hangedman_carve,
          minmay_staircase_bubble
Depths:5: evilmike_zot_entry_basic, layout_gridlike, pf_hell_entry_great_geh,
          rand_demon_pan_entry_7, special_room [special_room_jelly],
          lightli_corner_chamber, serial_bayou_shore_b, minmay_shop_star,
          uniq_margery
Hell
Zot:1:    layout_gridlike

Skill      XL: |  1  2  3  4  5  6  7  8  9 10 11 12 13 14 15 16 17 18 19 20 21 22 23 24 25 26 27 |
---------------+----------------------------------------------------------------------------------+-----
Axes           | 3 4 5 6 7 9 12 13 15 18 19 | 19.1
Bows           | 5 7 8 10 11 12 13 17 18 | 18.2
Armour         | 6 8 9 11 13 15 18 19 | 19.9
Fighting       | 9 10 11 13 15 17 18 19 20 | 20.2
Invocations    | 2 6 8 9 11 15 18 | 18.0
Evocations     | 7 10 | 10.6
Translocations | 4 7 11 | 11.2
Necromancy     | 10 | 10.3
Spellcasting   | 7 |  7.1
Dodging        | 10 | 10.4
Earth Magic    | 5 |  5.0
Maces & Flails | |  0.4
Throwing       | |  1.7

Action                   |  1- 3 |  4- 6 |  7- 9 | 10-12 | 13-15 | 16-18 | 19-21 | 22-24 | 25-27 || total
-------------------------+-------+-------+-------+-------+-------+-------+-------+-------+-------++-------
Melee: War axe           |    90 |    83 |     5 |       |    93 |    15 |       |       |       ||   286
       Headbutt          |     8 |    27 |    15 |     9 |    26 |    44 |   186 |   189 |   283 ||   787
       Trident           |       |    83 |    64 |       |       |       |       |       |       ||   147
       Whip              |       |       |     3 |    58 |     7 |       |       |       |       ||    68
       Shortbow          |       |       |       |     2 |       |       |       |       |       ||     2
       Broad axe         |       |       |       |       |     6 |   165 |    35 |       |       ||   206
       Battleaxe         |       |       |       |       |       |     4 |   654 |   630 |   925 ||  2213
       Kick              |       |       |       |       |       |       |    75 |   262 |   461 ||   798
 Fire: Shortbow          |       |       |   131 |   369 |   624 |       |       |       |       ||  1124
       Longbow           |       |       |       |       |   339 |   481 |   225 |   452 |    22 ||  1519
Throw: Throwing net      |     6 |       |       |       |       |       |       |       |       ||     6
       Stone             |    24 |    14 |     1 |     1 |       |       |       |       |       ||    40
       Dart              |       |       |       |       |     4 |    10 |       |       |       ||    14
 Cast: Blink             |       |       |       |       |       |       |     1 |       |    11 ||    12
Invok: Recall Ancestor   |       |     3 |     1 |     8 |    11 |     8 |    10 |    12 |     7 ||    60
       Ancestor Life: Kn |       |     1 |       |       |       |       |       |       |       ||     1
       Idealise          |       |       |       |     3 |    16 |    16 |    11 |    11 |     2 ||    59
       Transference      |       |       |       |       |       |       |     1 |     1 |       ||     2
 Abil: Evoke Blink       |       |       |       |       |       |       |       |       |     1 ||     1
Evoke: Wand              |       |       |     2 |     7 |    16 |    39 |     5 |    15 |       ||    84
       Phial of floods   |       |       |       |     2 |     1 |     3 |     4 |     6 |     1 ||    17
       Condenser vane    |       |       |       |       |     4 |     5 |     9 |    10 |     5 ||    33
       Box of beasts     |       |       |       |       |     1 |     7 |     7 |     4 |     2 ||    21
       Tin of tremorston |       |       |       |       |     1 |     2 |     6 |     2 |       ||    11
       Lightning rod     |       |       |       |       |       |     3 |     4 |     4 |     8 ||    19
       Phantom mirror    |       |       |       |       |       |     3 |     7 |     6 |     2 ||    18
  Use: Scroll            |     1 |     9 |     6 |     8 |    29 |    12 |    18 |    18 |    14 ||   115
       Potion            |       |     1 |       |    20 |     6 |     6 |    23 |    18 |     8 ||    82
 Stab: Invisible         |       |       |       |       |     1 |       |       |       |       ||     1
       Paralysed         |       |       |       |       |       |     3 |       |     2 |       ||     5
       Distracted        |       |       |       |       |       |       |    15 |    12 |    19 ||    46
Armor: Leather armour    |    16 |       |       |       |       |       |       |       |       ||    16
       Scale mail        |    26 |    79 |    51 |       |       |       |       |       |       ||   156
       Chain mail        |       |       |    24 |   119 |    20 |       |       |       |       ||   163
       Skin              |       |       |       |    95 |       |       |       |       |       ||    95
       Plate armour      |       |       |       |       |   333 |   417 |   561 |   641 |   387 ||  2339
       Gold dragon scale |       |       |       |       |       |       |       |       |   127 ||   127
Dodge: Dodged            |    75 |   100 |    75 |   102 |   308 |   275 |   428 |   392 |   628 ||  2383
Block: Other             |       |       |       |     1 |       |       |       |       |       ||     1

Table legend: (Time is in decaauts)
 A = Elapsed time spent in this place.
 B = Non-inter-level travel time spent in this place.
 C = Inter-level travel time spent in this place.
 D = Time resting spent in this place.
 E = Time spent auto-exploring this place.
 F = Levels seen in this place.
 G = Mean time per level.
                   A        B        C        D        E       F      G
               +--------+--------+--------+--------+--------+-----+--------+
         Total | 103836 |  97554 |   6282 |  39559 |  39028 |  58 | 1790.3 |
       Dungeon |  28181 |  25821 |   2360 |  11192 |   9875 |  15 | 1878.7 |
          Lair |  12807 |  11756 |   1051 |   5500 |   4501 |   6 | 2134.5 |
        Shoals |   6967 |   6661 |    306 |   2300 |   2858 |   4 | 1741.8 |
     Snake Pit |   8578 |   8231 |    347 |   3503 |   3109 |   4 | 2144.5 |
  Orcish Mines |   2833 |   2510 |    323 |    658 |    952 |   2 | 1416.5 |
   Elven Halls |   5766 |   5476 |    290 |   2106 |   2218 |   3 | 1922.0 |
        Vaults |  16297 |  15582 |    715 |   5354 |   7167 |   5 | 3259.4 |
         Crypt |   5778 |   5568 |    210 |   1994 |   2291 |   3 | 1926.0 |
        Depths |  12206 |  11571 |    635 |   4905 |   4546 |   5 | 2441.2 |
          Hell |     23 |     23 |      0 |      0 |      0 |   1 |   23.0 |
           Zot |   2429 |   2387 |     42 |    912 |   1183 |   1 | 2429.0 |
         Abyss |     22 |     22 |      0 |      0 |      0 |   1 |   22.0 |
      Ziggurat |   1060 |   1060 |      0 |    790 |     93 |   6 |  176.7 |
        Bailey |    694 |    694 |      0 |    335 |    131 |   1 |  694.0 |
        Wizlab |    190 |    190 |      0 |      5 |    101 |   1 |  190.0 |
               +--------+--------+--------+--------+--------+-----+--------+

Top non-repeatable levels by time:
 Snake:4: 4712 daAuts
Vaults:4: 4021 daAuts
Vaults:3: 3827 daAuts
Vaults:5: 3665 daAuts
     D:4: 3638 daAuts
 Crypt:3: 3251 daAuts
Depths:3: 3117 daAuts
Shoals:4: 3102 daAuts
Vaults:2: 2961 daAuts
    D:11: 2925 daAuts
Depths:4: 2816 daAuts
Depths:5: 2809 daAuts
  Lair:6: 2785 daAuts
    D:10: 2625 daAuts
  Lair:1: 2569 daAuts
